 Dungeon Crawl Stone Soup version 0.19.1-1-g22dce08 (webtiles) character file.

49 MovingMist the Distorting Demonspawn (level 3, -1/29 HPs)
             Began as a Demonspawn Abyssal Knight on Jan 18, 2017.
             Was a Believer of Lugonu.
             Slain by a gnoll
             ... wielding a +0 flail
              (3 damage)
             ... on level 2 of the Dungeon.
             The game lasted 00:03:11 (732 turns).

MovingMist the Distorting Demonspawn (DsAK)          Turns: 732, Time: 00:03:11

Health: -1/29      AC:  4    Str: 12    XL:     3   Next: 51%
Magic:  0/5        EV: 12    Int: 15    God:    Lugonu [**....]
Gold:   38         SH:  0    Dex: 13    Spells: 0 memorised, 2 levels left

rFire  . . .     SeeInvis .     a - +1 spear
rCold  . . .     Gourm    .     b - +0 leather armour
rNeg   . . .     Faith    .     (no shield)
rPois  .         Spirit   +     (no helmet)
rElec  .         Reflect  .     (no cloak)
rCorr  .         Harm     .     l - +0 pair of gloves
MR     .....                    (no boots)
Stlth  +.........               (no amulet)
                                (no ring)
                                h - +2 ring of intelligence

@: no status effects
A: talons 1, magic shield
a: Depart the Abyss, Bend Space, Renounce Religion


You were on level 2 of the Dungeon.
You worshipped Lugonu.
Lugonu was pleased with you.
You were not hungry.

You visited 1 branch of the dungeon, and saw 2 of its levels.
You visited the Abyss 1 time.

You collected 38 gold pieces.

Inventory:

Hand Weapons
 a - a +1 spear (weapon)
Armour
 b - a +0 leather armour (worn)
 l - a +0 pair of gloves (worn)
Jewellery
 h - a +2 ring of intelligence (left hand)
Scrolls
 d - a scroll of blinking {unknown}
 g - a scroll of enchant weapon {unknown}
 i - a scroll of identify {unknown}
 j - a scroll of teleportation {unknown}
Potions
 e - a potion of haste {unknown}
Comestibles
 c - a bread ration
 f - 5 chunks of flesh
 k - a beef jerky


   Skills:
 + Level 3.2 Fighting
 + Level 2.4 Polearms
 - Level 1.7 Armour
 + Level 1.7 Dodging
 * Level 3.4 Invocations


You had 2 spell levels left.
You didn't know any spells.

Dungeon Overview and Level Annotations

Branches:
Dungeon (2/15)

Altars:


Innate Abilities, Weirdness & Mutations

You have sharp toenails.
When hurt, damage is shared between your health and your magic reserves.


Message History

You hit the gnoll.
The gnoll is heavily wounded.
You hit the gnoll. Your kick misses the gnoll.
The gnoll is severely wounded.
The gnoll hits you with a flail.
* * * LOW HITPOINT WARNING * * *
You are too injured to fight recklessly!
You are too injured to fight recklessly!
You are too injured to fight recklessly!
You barely miss the gnoll.
The gnoll is severely wounded.
The gnoll closely misses you.
You barely miss the gnoll. You claw the gnoll, but do no damage.
The gnoll is severely wounded.
The gnoll hits you with a flail.
* * * LOW HITPOINT WARNING * * *
The gnoll closely misses you.
You see here a hand axe.
The gnoll hits you with a flail.
You die...

..#.##......# ####.#### #...#
#.#.##......# #.......######...##
#.#.##......# #(...##.....(......
.....#......# #..#.....w.........
#.##.#......# #..#g##(...........
#.##.#.....g###...g...######...##
#..#.#......g###.#g#### #...#
##.#.####.###g##.#.# #...#
##.#.###.## ##.#@#.# #...#
.....##.g# #.g.#g# #...#
##.####..## ##.w...# #...#
#......#.###.###### ##.##
#########...## #.........# #####
#.###.###.# ... .# .#. # # ##


You could see a worm and a gnoll.

Vanquished Creatures
  An adder (D:2)
  An ooze (D:1)
  2 worms (D:2)
  A dart slug (D:1)
  2 leopard geckos (D:1)
  5 goblins
  3 hobgoblins (D:1)
  A quokka (D:2)
  2 bats
  A frilled lizard (D:1)
  4 kobolds
  4 rats
27 creatures vanquished.

Notes
Turn   | Place    | Note
-------+----------+-------------------------------------------
     0 | Abyss:1  | MovingMist the Demonspawn Abyssal Knight began the quest for the Orb.
     0 | Abyss:1  | Reached XP level 1. HP: 18/18 MP: 2/2
    14 | D:1      | Escaped the Abyss
    18 | D:1      | Noticed an electric eel
    29 | D:1      | Noticed an electric eel
    50 | D:1      | Reached skill level 1 in Dodging
   115 | D:1      | Gained mutation: You have sharp toenails. [demonic ancestry]
   115 | D:1      | Reached XP level 2. HP: 19/24 MP: 4/4
   449 | D:2      | Reached ** piety under Lugonu
   471 | D:2      | Gained mutation: When hurt, damage is shared between your health and your magic reserves. [demonic ancestry]
   471 | D:2      | Reached XP level 3. HP: 29/29 MP: 5/5
   732 | D:2      | Slain by a gnoll

Skill      XL: |  1  2 |
---------------+-------+-----
Dodging        | 1 |  1.7
Polearms       | 2 |  2.4
Invocations    | 3 |  3.4
Fighting       | |  3.2
Armour         | |  1.7

Action                   || total
-------------------------++-------
Melee: Spear             ||   102
       Kick              ||    12
Invok: Bend Space        ||     1
 Stab: Sleeping          ||     2
Armor: Leather armour    ||    16
Dodge: Dodged            ||    53
